[Event "Titled Tuesday Blitz April 05 Late 2022"]
[White "Vovk, Orest"]
[Black "Ricaurte Lopez, Juan Carlos"]
[WhiteFideId "14113490"]
[BlackFideId "3600327"]
[WhiteElo "2203"]
[BlackElo "2209"]
[Result "1-0"]
[Round "02"]
[TimeControl "180+1"]
[Date "2022.04.06"]
[WhiteClock "0:01:04"]
[BlackClock "0:00:01"]

1. h4 e5 2. h5 d5 3. h6 Nxh6 4. d4 Nc6 5. Bxh6 gxh6 6. dxe5 Nxe5 7. Nf3 Nxf3+ 8. gxf3 Bg7 9. Nc3 Be6 10. Qd3 Qd7 11. O-O-O O-O-O 12. Rh5 f5 13. Bh3 Rhf8 14. f4 c5 15. e3 d4 16. Ne2 c4 17. Qa3 d3 18. Nc3 Kb8 19. Bf1 d2+ 20. Kb1 Qc6 21. Rh2 a6 22. Bg2 Qd6 23. Qa5 Rf7 24. a3 Rfd7 25. Bf3 Qc7 26. Qb4 Bf8 27. Qa4 Qc5 28. Rh5 Ka7 29. Ne2 b5 30. Qa5 Qb6 31. Qxb6+ Kxb6 32. Nd4 Rxd4 33. exd4 Rxd4 34. c3 Rxf4 35. Rh3 Kc5 36. Rxd2 Bd6 37. Rxh6 Rxf3 38. Rxe6 1-0


[Site "https://www.chess.com"]

[Event "Titled Tuesday Blitz April 05 Late 2022"]
[White "Ward, Ieuan C"]
[Black "Tanenbaum, Zachary"]
[WhiteFideId "406627"]
[BlackFideId "2060850"]
[WhiteElo "2307"]
[BlackElo "2720"]
[Result "0-1"]
[Round "02"]
[TimeControl "180+1"]
[Date "2022.04.06"]
[WhiteClock "0:02:03"]
[BlackClock "0:02:23"]

1. d4 d5 2. c4 Bf5 3. Nc3 e6 4. Nf3 c6 5. e3 Nd7 6. Be2 Ngf6 7. O-O Bd6 8. Nh4 Be4 9. cxd5 exd5 10. f3 Bg6 11. Re1 Ng4 12. Nxg6 Bxh2+ 13. Kf1 hxg6 14. fxg4 Bg3 15. Kg1 Qh4 0-1


[Site "https://www.chess.com"]

[Event "Titled Tuesday Blitz April 05 Late 2022"]
[White "Weetik, Vjacheslav"]
[Black "Jarocka, Liwia"]
[WhiteFideId "4153472"]
[BlackFideId "21807558"]
[WhiteElo "2602"]
[BlackElo "2377"]
[Result "1-0"]
[Round "02"]
[TimeControl "180+1"]
[Date "2022.04.06"]
[WhiteClock "0:01:37"]
[BlackClock "0:01:33"]

1. d4 Nf6 2. c4 e6 3. Nf3 Bb4+ 4. Nbd2 O-O 5. e3 c5 6. dxc5 Bxc5 7. a3 d5 8. b4 Be7 9. Bb2 a5 10. b5 b6 11. Bd3 Bb7 12. O-O Nbd7 13. Rc1 Nc5 14. Bb1 Rc8 15. Ne5 Nfd7 16. Qh5 g6 17. Nxg6 Ne4 18. Nxe7+ Qxe7 19. Nxe4 1-0


[Site "https://www.chess.com"]

[Event "Titled Tuesday Blitz April 05 Late 2022"]
[White "Wesolowska, Hanna"]
[Black "Riehle, Marco"]
[WhiteFideId "1104683"]
[BlackFideId "12904392"]
[WhiteElo "2334"]
[BlackElo "2535"]
[Result "1-0"]
[Round "02"]
[TimeControl "180+1"]
[Date "2022.04.06"]
[WhiteClock "0:01:17"]
[BlackClock "0:01:41"]

1. e4 e5 2. Nf3 Nf6 3. Nxe5 Nxe4 4. Nc3 Qe7 5. Qe2 Qxe5 6. Qxe4 Qxe4+ 7. Nxe4 d5 8. Nc3 c6 9. Be2 Bf5 10. d3 Nd7 11. Bf4 Bc5 12. O-O O-O 13. a3 Rfe8 14. Bf3 Re7 15. Rfe1 Rae8 16. Kf1 h6 17. Rxe7 Rxe7 18. Re1 Kf8 19. Rxe7 Kxe7 20. h3 Bd6 21. Bxd6+ Kxd6 22. Ke2 a6 23. Bg4 Bxg4+ 24. hxg4 c5 25. f4 b5 26. Kf3 f6 27. g3 g5 28. Nd1 a5 29. Ne3 b4 30. Nf5+ Ke6 31. Nxh6 c4 32. dxc4 dxc4 33. axb4 axb4 34. Nf5 Nc5 35. Ne3 c3 36. bxc3 bxc3 37. Nd1 Na4 38. Ke4 Nc5+ 39. Kd4 Kd6 40. Nxc3 Nd7 41. Ne4+ Ke6 42. fxg5 fxg5 43. Nxg5+ Kf6 44. Ne4+ Kg6 45. c4 Nf8 46. Ke5 Nd7+ 47. Kd6 Nb6 48. c5 Nc4+ 49. Ke6 Kg7 50. c6 Nb6 51. c7 Kh7 52. Ke7 Nd5+ 53. Kd8 Kg7 54. c8=Q Nf6 55. Nxf6 Kh8 56. Nh7 1-0


[Site "https://www.chess.com"]

[Event "Titled Tuesday Blitz April 05 Late 2022"]
[White "Zherebtsova, Alexandra"]
[Black "Gledura, Benjamin"]
[WhiteFideId "24129518"]
[BlackFideId "712779"]
[WhiteElo "2384"]
[BlackElo "2758"]
[Result "0-1"]
[Round "02"]
[TimeControl "180+1"]
[Date "2022.04.06"]
[WhiteClock "0:00:06"]
[BlackClock "0:00:14"]

1. d4 Nf6 2. Nf3 d6 3. c4 Nbd7 4. Nc3 e5 5. Bg5 Be7 6. Qc2 O-O 7. O-O-O h6 8. Bh4 exd4 9. Nxd4 Ne5 10. e3 a6 11. h3 b5 12. cxb5 axb5 13. Bxb5 c5 14. Nc6 Nxc6 15. Bxc6 Rb8 16. g4 Be6 17. f4 Qa5 18. g5 hxg5 19. fxg5 Nh7 20. Bd5 Bxg5 21. Bxg5 Nxg5 22. Rhg1 Nh7 23. Bxe6 fxe6 24. Rxd6 Rf7 25. Rxe6 Rfb7 26. Qg6 Nf8 27. Re8 Qb4 28. Nd1 Qc4+ 29. Kb1 Rxe8 30. Qxe8 Qd3+ 31. Kc1 Rf7 32. Qe5 Nd7 33. Qc3 Qe4 34. Nf2 Qe6 35. Ng4 Nb6 36. a3 Nd5 37. Qd2 c4 38. Kb1 c3 39. bxc3 Rb7+ 40. Ka1 Qd6 41. Qa2 Kh8 42. Nf2 Nxc3 43. Qc2 Qxa3+ 44. Qa2 Qxa2# 0-1


[Site "https://www.chess.com"]

[Event "Titled Tuesday Blitz April 05 Late 2022"]
[White "Zhigalko, Sergei"]
[Black "Rottenwohrer Suarez, Juan"]
[WhiteFideId "13502956"]
[BlackFideId "32068182"]
[WhiteElo "2860"]
[BlackElo "2435"]
[Result "1-0"]
[Round "02"]
[TimeControl "180+1"]
[Date "2022.04.06"]
[WhiteClock "0:02:50"]
[BlackClock "0:01:12"]

1. e4 c5 2. Nf3 d6 3. d4 cxd4 4. Qxd4 Nf6 5. Nc3 Nc6 6. Bb5 Bd7 7. Bxc6 Bxc6 8. Bg5 e6 9. O-O-O Be7 10. Rhe1 O-O 11. Kb1 Qc7 12. Qd2 Rfd8 13. Nd4 Rab8 14. f3 b5 15. g4 b4 16. Nce2 a5 17. Ng3 a4 18. Nh5 Be8 19. Bxf6 gxf6 20. Qh6 1-0


[Site "https://www.chess.com"]

[Event "Titled Tuesday Blitz April 05 Late 2022"]
[White "Agasarov, Benik"]
[Black "Hakobyan, Aram"]
[WhiteFideId "13314823"]
[BlackFideId "13306677"]
[WhiteElo "2532"]
[BlackElo "2557"]
[Result "0-1"]
[Round "03"]
[TimeControl "180+1"]
[Date "2022.04.05"]
[WhiteClock "0:00:11"]
[BlackClock "0:00:07"]

1. d4 Nf6 2. c4 g6 3. Nc3 Bg7 4. e4 d6 5. Nf3 O-O 6. h3 e5 7. d5 Nh5 8. g3 f5 9. exf5 gxf5 10. Nh4 Nf4 11. Ng2 Ng6 12. Be2 Na6 13. h4 e4 14. h5 Ne5 15. h6 Bf6 16. Be3 Nc5 17. Nf4 a5 18. Qc2 a4 19. O-O-O a3 20. b4 Na6 21. Qb3 Bd7 22. Nb5 Qe8 23. Nd4 Ba4 24. Qxa3 Bxd1 25. Rxd1 Nc5 26. Qc3 Ncd3+ 27. Bxd3 exd3 28. Qb3 Qa4 29. Nde6 Qxb3 30. axb3 Ra1+ 31. Kd2 Nf3+ 32. Kxd3 Rxd1+ 33. Ke2 Rb1 34. Kxf3 Rc8 35. Nh5 Be5 36. Bd4 Rxb3+ 37. Kg2 Bxd4 38. Nxd4 Rxb4 39. Nxf5 Rf8 40. Ne3 b5 41. cxb5 Rxb5 42. g4 Rb2 43. Nf5 Rxf5 44. gxf5 Kf7 45. Kf3 Rb4 46. Ke3 Rh4 47. Nf4 Kf6 48. Ne6 Kxf5 49. Nxc7 Rxh6 50. f3 Ke5 51. f4+ Kf5 52. Nb5 Kg4 53. Ke4 Rf6 54. f5 h5 55. Nd4 h4 56. Nf3 Rxf5 57. Nh2+ Kg5 58. Nf3+ Rxf3 59. Kxf3 Kf5 60. Kg2 Ke4 61. Kh3 Kxd5 62. Kxh4 Ke4 63. Kg3 Ke3 0-1


[Site "https://www.chess.com"]

[Event "Titled Tuesday Blitz April 05 Late 2022"]
[White "Aldokhin, Ivan"]
[Black "Ilyasli, Ughur"]
[WhiteFideId "24115720"]
[BlackFideId "13416197"]
[WhiteElo "2231"]
[BlackElo "2045"]
[Result "1-0"]
[Round "03"]
[TimeControl "180+1"]
[Date "2022.04.06"]
[WhiteClock "0:00:07"]
[BlackClock "0:00:02"]

1. e4 c5 2. Nf3 d6 3. d4 cxd4 4. Nxd4 Nf6 5. Nc3 a6 6. Bc4 e5 7. Bb3 exd4 8. Qxd4 Nc6 9. Qd3 Be7 10. Be3 O-O 11. O-O-O Na5 12. Bd5 Nxd5 13. Nxd5 Nc6 14. Bb6 Qd7 15. Be3 Bd8 16. Bf4 Ne5 17. Qg3 Qg4 18. Qa3 Be6 19. h3 Qxg2 20. Rhg1 Qxe4 21. Qxd6 Ng6 22. Be3 Bxd5 23. Qxd5 Qxd5 24. Rxd5 Bf6 25. Rd7 b5 26. Rd6 Rfd8 27. Rb6 Ne5 28. Rxf6 a5 29. Rf5 Ng6 30. Rxb5 a4 31. Rbg5 a3 32. b4 f6 33. R5g4 Rdc8 34. h4 Rc7 35. Bd4 Rac8 36. c3 Ne5 37. R4g3 h5 38. Kc2 Ng4 39. Kb3 Re8 40. f3 Nh6 41. Bxf6 Nf5 42. Rg5 Nxh4 43. Rxg7+ Rxg7 44. Rxg7+ Kf8 45. Rh7 Nxf3 46. Rxh5 Re2 47. Kxa3 Ne1 48. Rc5 Nc2+ 49. Kb3 Na1+ 50. Kc4 Rxa2 51. b5 Kf7 52. Bd4 Ke6 53. b6 Rb2 54. Rc6+ Kd7 55. Rc7+ Kd6 56. Rh7 Nc2 57. Bc5+ Kc6 58. Rc7# 1-0


[Site "https://www.chess.com"]

[Event "Titled Tuesday Blitz April 05 Late 2022"]
[White "Almagro Mazariegos, Sebastian"]
[Black "Johnson, Ben"]
[WhiteFideId "2221640"]
[BlackFideId "2010917"]
[WhiteElo "2273"]
[BlackElo "2151"]
[Result "1/2-1/2"]
[Round "03"]
[TimeControl "180+1"]
[Date "2022.04.06"]
[WhiteClock "0:00:31"]
[BlackClock "0:00:05"]

1. e4 c5 2. Nf3 Nc6 3. d4 cxd4 4. Nxd4 Nf6 5. Nc3 e5 6. Ndb5 d6 7. Bg5 a6 8. Na3 b5 9. Nd5 Be7 10. Bxf6 Bxf6 11. c4 b4 12. Nc2 O-O 13. g3 a5 14. Bg2 Bg5 15. O-O Be6 16. b3 Ne7 17. Nxe7+ Qxe7 18. Qd3 g6 19. a3 bxa3 20. Rxa3 Ra7 21. Rfa1 Qc7 22. Bf1 Rb8 23. b4 Rc8 24. Rxa5 Rxa5 25. bxa5 Bxc4 26. Qxc4 Qxc4 27. Bxc4 Rxc4 28. a6 Rxc2 29. a7 Rc8 30. a8=Q Rxa8 31. Rxa8+ Kg7 32. Kf1 Bd2 33. Rb8 Bc1 34. Rb3 Kf6 35. Ke2 Ke6 36. Kd3 f5 37. f3 Bg5 38. Kc4 Bd8 39. Rb7 h5 40. h3 Bf6 41. Kb5 Be7 42. Kc6 Bf8 43. Rh7 Be7 44. Rh8 Bf6 45. Ra8 f4 46. g4 hxg4 47. hxg4 Bh4 48. Re8+ Kf7 49. Kd7 Bf2 50. Re6 Bd4 51. Rxd6 Bc3 52. Rc6 Bb2 53. Kd6 Kf6 54. Kd5+ Kg5 55. Re6 Kh4 56. Rxe5 Bxe5 57. Kxe5 Kg3 58. Kf6 Kxf3 59. e5 Kxg4 60. e6 f3 61. e7 f2 62. e8=Q f1=Q+ 63. Kxg6 Qf5+ 64. Kg7 Qg5+ 65. Qg6 Qxg6+ 66. Kxg6 1/2-1/2


[Site "https://www.chess.com"]

[Event "Titled Tuesday Blitz April 05 Late 2022"]
[White "Andreikin, Dmitry"]
[Black "Hambleton, Aman"]
[WhiteFideId "4158814"]
[BlackFideId "2606577"]
[WhiteElo "2736"]
[BlackElo "2552"]
[Result "1-0"]
[Round "03"]
[TimeControl "180+1"]
[Date "2022.04.05"]
[WhiteClock "0:01:15"]
[BlackClock "0:00:02"]

1. d4 Nf6 2. c4 e6 3. Nf3 b6 4. a3 Bb7 5. Nc3 Ne4 6. Nxe4 Bxe4 7. Nd2 Bb7 8. e4 g6 9. Bd3 Bg7 10. Nf3 d6 11. Bg5 Qc8 12. Qd2 Nd7 13. Bh6 Bxh6 14. Qxh6 Qd8 15. h4 Qf6 16. O-O-O O-O-O 17. Bc2 Qe7 18. Rh3 Kb8 19. Qg5 f6 20. Qe3 e5 21. d5 Bc8 22. Rhh1 Rhf8 23. h5 f5 24. hxg6 f4 25. Qc3 hxg6 26. b4 g5 27. Nd2 Rh8 28. Ba4 Nf6 29. f3 g4 30. c5 gxf3 31. gxf3 Nh5 32. Nb3 Ng3 33. Rhe1 Rh2 34. Rd2 Rdh8 35. Na5 bxa5 36. bxa5 Ba6 37. Kb2 Rxd2+ 38. Qxd2 Ka8 39. Bc6+ Bb7 40. Bxb7+ Kxb7 41. Ka2 Rb8 42. Rb1+ Kc8 43. Rxb8+ Kxb8 44. Qb4+ Kc8 45. c6 1-0


[Site "https://www.chess.com"]

[Event "Titled Tuesday Blitz April 05 Late 2022"]
[White "Andrews, Todd"]
[Black "Adewumi, Tanitoluwa"]
[WhiteFideId "2012456"]
[BlackFideId "30966396"]
[WhiteElo "2289"]
[BlackElo "2547"]
[Result "1/2-1/2"]
[Round "03"]
[TimeControl "180+1"]
[Date "2022.04.06"]
[WhiteClock "0:00:05"]
[BlackClock "0:00:03"]

1. e4 c5 2. Nf3 Nc6 3. d4 cxd4 4. Nxd4 Nf6 5. Nc3 e6 6. Ndb5 d6 7. Bf4 e5 8. Bg5 a6 9. Na3 Be7 10. Bxf6 Bxf6 11. Nc4 Be7 12. Nd5 Be6 13. Nxe7 Kxe7 14. Ne3 Qb6 15. Bd3 Qb4+ 16. Qd2 Qxd2+ 17. Kxd2 Rhd8 18. c3 d5 19. exd5 Bxd5 20. Nxd5+ Rxd5 21. Ke2 Rad8 22. Rad1 g6 23. Be4 Rb5 24. Rxd8 Nxd8 25. b3 f5 26. c4 Ra5 27. Bb1 Nc6 28. Kd2 Rc5 29. h4 h5 30. Re1 Kd6 31. Kc3 b5 32. Rd1+ Ke6 33. Bd3 b4+ 34. Kb2 a5 35. Bf1 Ne7 36. Rd8 Rc8 37. Rd2 Nc6 38. g3 Rd8 39. Rxd8 Nxd8 40. a3 Nc6 41. axb4 axb4 42. Bg2 Nd4 43. Bd5+ Ke7 44. c5 e4 45. Kc1 Kf6 46. Kd2 Ke5 47. Bf7 Kf6 48. Bc4 Nc6 49. Ke3 Ke5 50. f4+ exf3 51. Kxf3 Nd4+ 52. Ke3 Nc6 53. Bf7 Ne7 54. Kd3 f4 55. gxf4+ Kxf4 56. Kc4 g5 57. hxg5 Kxg5 58. Bxh5 Kxh5 59. Kxb4 Kg6 60. Kb5 Kf6 61. Kb6 Ke6 62. b4 Kd7 63. b5 Kc8 64. Ka7 Nd5 65. b6 Kd7 66. b7 Ne7 67. Kb6 Nc6 68. Kb5 Kc7 69. Ka6 Nb8+ 70. Ka7 Nc6+ 71. Ka8 Nb8 72. Ka7 Nc6+ 73. Ka8 Nb8 74. c6 Nxc6 75. b8=Q+ Nxb8 1/2-1/2


[Site "https://www.chess.com"]

[Event "Titled Tuesday Blitz April 05 Late 2022"]
[White "Ansh M Shah"]
[Black "Unver, Cumali"]
[WhiteFideId "25033379"]
[BlackFideId "6304940"]
[WhiteElo "1819"]
[BlackElo "2013"]
[Result "1-0"]
[Round "03"]
[TimeControl "180+1"]
[Date "2022.04.06"]
[WhiteClock "0:00:17"]
[BlackClock "0:00:01"]

1. d4 Nf6 2. c4 g6 3. Nc3 Bg7 4. e4 d6 5. Nge2 O-O 6. f3 Nc6 7. Be3 a6 8. Qd2 Rb8 9. h3 Re8 10. d5 Ne5 11. Nd4 c5 12. dxc6 Nxc6 13. Be2 Nh5 14. O-O Ng3 15. Rfd1 Nxe2+ 16. Ncxe2 Nxd4 17. Nxd4 b5 18. cxb5 axb5 19. Nc6 Qc7 20. Nxb8 Qxb8 21. Bd4 Bxd4+ 22. Qxd4 Be6 23. a4 bxa4 24. Rxa4 Qb3 25. Rb4 Qc2 26. Qd2 Qc5+ 27. Kh1 Qh5 28. Rd4 Rb8 29. f4 Rb3 30. Rd3 Rb5 31. Rg3 Qc5 32. f5 Bd7 33. fxg6 hxg6 34. Qd4 Qe5 35. Qxe5 Rxe5 36. Re3 Rb5 37. Rd2 Be6 38. Rde2 f6 39. Rc2 g5 40. Kh2 Kf7 41. Rf2 Kg6 42. Rc2 Kf7 43. Rd2 Kg6 44. g3 Kf7 45. h4 gxh4 46. gxh4 Rh5 47. Kg3 Rb5 48. Kf4 Rh5 49. Rh2 Bc4 50. Rg3 1-0


[Site "https://www.chess.com"]

[Event "Titled Tuesday Blitz April 05 Late 2022"]
[White "Arabidze, Meri"]
[Black "Holt, Conrad"]
[WhiteFideId "13604040"]
[BlackFideId "2034387"]
[WhiteElo "2335"]
[BlackElo "2586"]
[Result "1-0"]
[Round "03"]
[TimeControl "180+1"]
[Date "2022.04.05"]
[WhiteClock "0:00:10"]
[BlackClock "0:00:02"]

1. d4 d5 2. c4 c6 3. cxd5 cxd5 4. Nc3 Nc6 5. Nf3 Bf5 6. Bf4 e6 7. e3 Bd6 8. Bg3 Nge7 9. Nh4 O-O 10. Nxf5 Nxf5 11. Bd3 Nce7 12. Rc1 Rc8 13. O-O Bxg3 14. hxg3 Nd6 15. b3 Qa5 16. Na4 Rxc1 17. Qxc1 Rc8 18. Qb1 h5 19. Rc1 Qd2 20. Rd1 Qb4 21. Rc1 Rc6 22. Qb2 Rxc1+ 23. Qxc1 Nc6 24. Nc5 a5 25. Kh2 e5 26. Qd1 exd4 27. Nd7 dxe3 28. Qxh5 Ne4 29. fxe3 Qd6 30. Bxe4 dxe4 31. Nc5 Ne5 32. Nxe4 Qe6 33. Ng5 Qf5 34. e4 Ng4+ 35. Kh3 Nf2+ 36. Kh4 Qd7 37. Qh7+ Kf8 38. Qf5 Qxf5 39. exf5 Nd3 40. Ne4 1-0


[Site "https://www.chess.com"]

[Event "Titled Tuesday Blitz April 05 Late 2022"]
[White "Araujo Sanchez, Josue"]
[Black "Gu, Xiaobing"]
[WhiteFideId "6416896"]
[BlackFideId "8602611"]
[WhiteElo "2339"]
[BlackElo "2174"]
[Result "1-0"]
[Round "03"]
[TimeControl "180+1"]
[Date "2022.04.06"]
[WhiteClock "0:01:26"]
[BlackClock "0:02:13"]

1. e4 c5 2. Nf3 d6 3. Bb5+ Bd7 4. a4 Nf6 5. Nc3 Nc6 6. O-O g6 7. Re1 Bg7 8. h3 O-O 9. d3 a6 10. Bxc6 Bxc6 11. a5 b5 12. axb6 Qxb6 13. Nd2 Qc7 14. Nc4 e6 15. e5 dxe5 16. Nxe5 Bb7 17. Bf4 Nd7 18. Nxg6 Qc6 19. Ne7+ 1-0


[Site "https://www.chess.com"]

[Event "Titled Tuesday Blitz April 05 Late 2022"]
[White "Ardila, Oscar Humberto"]
[Black "Ozdemir, Serhan Berat"]
[WhiteFideId "4404742"]
[BlackFideId "6374611"]
[WhiteElo "1983"]
[BlackElo "1920"]
[Result "0-1"]
[Round "03"]
[TimeControl "180+1"]
[Date "2022.04.06"]
[WhiteClock "0:00:15"]
[BlackClock "0:01:07"]

1. d4 Nf6 2. c4 g6 3. Nc3 Bg7 4. e4 d6 5. Nf3 O-O 6. Be2 Bg4 7. O-O Nfd7 8. Be3 c5 9. d5 Na6 10. h3 Bxf3 11. Bxf3 Nc7 12. Qc2 e6 13. Bf4 Ne5 14. Be2 exd5 15. cxd5 a6 16. a4 Rb8 17. Bg3 b5 18. axb5 axb5 19. f4 Nd7 20. Rfe1 Re8 21. Bf3 b4 22. Nd1 Nb5 23. Ne3 Nd4 24. Qf2 Nxf3+ 25. gxf3 Qf6 26. Re2 h5 27. Bh4 Qxf4 28. Bg3 Qf6 29. Kg2 Ne5 30. Ra7 Nd3 31. Qg1 Nf4+ 32. Bxf4 Qxf4 33. Nc4 Be5 34. Nxe5 Rxe5 35. Qh2 Rg5+ 36. Kf1 Qxf3+ 37. Ke1 Re8 38. Qxd6 Rg1+ 39. Kd2 Qb3 40. Qxc5 Rd1# 0-1


[Site "https://www.chess.com"]

[Event "Titled Tuesday Blitz April 05 Late 2022"]
[White "Ashiev, Eduard"]
[Black "Romanchuk, Viktor"]
[WhiteFideId "4130090"]
[BlackFideId "14109271"]
[WhiteElo "2004"]
[BlackElo "2242"]
[Result "0-1"]
[Round "03"]
[TimeControl "180+1"]
[Date "2022.04.06"]
[WhiteClock "0:00:21"]
[BlackClock "0:01:08"]

1. d4 d5 2. c4 c6 3. Nf3 Nf6 4. Nc3 e6 5. e3 Nbd7 6. b3 Bb4 7. Bd2 Bd6 8. Be2 O-O 9. O-O Qe7 10. Qc2 b6 11. e4 dxe4 12. Nxe4 Nxe4 13. Qxe4 Bb7 14. Bd3 Nf6 15. Qh4 c5 16. dxc5 Bxc5 17. Bc3 h6 18. Ne5 Ne4 19. Qxe7 Bxe7 20. Bb2 Rfd8 21. Rad1 Bc5 22. Bxe4 Bxe4 23. Rfe1 Bb7 24. Kf1 Bb4 25. Rxd8+ Rxd8 26. Rc1 Rd2 27. Bc3 Bxc3 28. Rxc3 Rxa2 29. c5 Ba6+ 30. Ke1 Re2+ 31. Kd1 Rxe5 32. cxb6 axb6 0-1


[Site "https://www.chess.com"]

[Event "Titled Tuesday Blitz April 05 Late 2022"]
[White "Babazada, Khazar"]
[Black "Javakhadze, Zurab"]
[WhiteFideId "13413554"]
[BlackFideId "13603647"]
[WhiteElo "2406"]
[BlackElo "2381"]
[Result "1-0"]
[Round "03"]
[TimeControl "180+1"]
[Date "2022.04.05"]
[WhiteClock "0:00:33"]
[BlackClock "0:00:06"]

1. Nf3 d5 2. g3 Nf6 3. Bg2 e6 4. O-O Be7 5. b3 O-O 6. Bb2 b6 7. d3 Bb7 8. Nbd2 a5 9. a3 c5 10. a4 Ra7 11. e4 dxe4 12. dxe4 Nxe4 13. Nc4 Nd6 14. Nxd6 Qxd6 15. Qe2 Nc6 16. Rad1 Qc7 17. h4 Raa8 18. h5 h6 19. g4 Rad8 20. g5 Bxg5 21. Nxg5 hxg5 22. h6 Nd4 23. Qh5 Qf4 24. Bxb7 gxh6 25. Qxh6 Rd7 26. Bg2 Rfd8 27. Rd3 f6 28. Rh3 e5 29. c4 Ne2+ 30. Kh1 Kf7 31. Rf3 Qh4+ 32. Qxh4 gxh4 33. Bxe5 Ke6 34. Bxf6 Rf8 35. Bh3+ 1-0


[Site "https://www.chess.com"]

[Event "Titled Tuesday Blitz April 05 Late 2022"]
[White "Baches Garcia, Guillermo"]
[Black "Hardaway, Brewington"]
[WhiteFideId "2209764"]
[BlackFideId "30941849"]
[WhiteElo "2494"]
[BlackElo "1768"]
[Result "1-0"]
[Round "03"]
[TimeControl "180+1"]
[Date "2022.04.06"]
[WhiteClock "0:00:13"]
[BlackClock "0:00:15"]

1. e4 e5 2. Nf3 Nc6 3. Nc3 Nf6 4. d4 exd4 5. Nxd4 Bc5 6. Nxc6 bxc6 7. Bd3 O-O 8. O-O d6 9. Bg5 h6 10. Bh4 Rb8 11. Na4 Bb6 12. Nxb6 axb6 13. f4 Re8 14. Qf3 Qe7 15. Rae1 Qe6 16. e5 dxe5 17. Rxe5 Qd7 18. Bxf6 gxf6 19. Qg3+ Kf8 20. Rxe8+ Qxe8 21. Re1 Qd8 22. Bh7 Be6 23. f5 Qd4+ 24. Kh1 Re8 25. fxe6 Rxe6 26. c3 Qf4 27. Rd1 Qg5 28. Qxg5 fxg5 29. Bd3 c5 30. Kg1 Ke7 31. Kf2 Rf6+ 32. Ke2 Re6+ 33. Kd2 Rd6 34. Re1+ Kf6 35. Kc2 c6 36. a4 h5 37. Rf1+ Kg7 38. Rf5 f6 39. Rf2 g4 40. h3 Kh6 41. hxg4 hxg4 42. Rf5 Re6 43. Kd2 Rd6 44. b3 c4 45. bxc4 c5 46. a5 bxa5 47. Rxc5 a4 48. Rc7 Rb6 49. Ra7 Rb2+ 50. Ke3 f5 51. Kf4 Rf2+ 52. Kg3 Rd2 53. Bxf5 a3 54. Rxa3 Kg5 55. Be6 Rd3+ 56. Kf2 Kf4 57. Bd5 g3+ 58. Ke1 Ke3 59. Ra8 Rxc3 60. Re8+ Kf4 61. Rf8+ Ke5 62. Rf3 Rc2 63. Rxg3 Kf4 64. Rf3+ Ke5 65. Rf2 Rc1+ 66. Ke2 Rg1 67. Kf3 Kd4 68. Kg3 Re1 69. Rf4+ Kc5 70. Rf3 Kd4 71. Kf4 Rg1 72. g4 Kc5 73. g5 Kd6 74. Kf5 Ke7 75. g6 Kf8 76. Re3 Kg7 77. Ke5 Kxg6 78. Kd6 Kf6 79. c5 Rc1 80. Rf3+ Kg5 81. c6 Kg4 82. Rf7 Kg5 83. c7 Kg6 84. Rf3 Kg5 85. Bc6 Rd1+ 86. Bd5 Rc1 87. Rf8 Rxc7 88. Kxc7 Kg6 89. Kd6 Kg7 90. Rf7+ Kh6 91. Ke7 Kg6 92. Ba8 Kg5 93. Ke6 Kh6 94. Kf6 Kh5 95. Rg7 Kh4 96. Kf5 Kh3 97. Kf4 Kh2 98. Rh7+ Kg1 99. Rh1+ Kf2 100. Rh2+ Kg1 101. Rg2+ Kf1 102. Kg3 Ke1 103. Kf3 Kd1 104. Re2 Kc1 105. Ke3 Kd1 106. Kd3 Kc1 107. Rd2 Kb1 108. Kc3 Kc1 109. Re2 Kd1 110. Re3 Kc1 111. Re1# 1-0


[Site "https://www.chess.com"]

[Event "Titled Tuesday Blitz April 05 Late 2022"]
[White "Bachmann, Axel"]
[Black "Khanin, Semen"]
[WhiteFideId "3700488"]
[BlackFideId "4111990"]
[WhiteElo "2587"]
[BlackElo "2442"]
[Result "1-0"]
[Round "03"]
[TimeControl "180+1"]
[Date "2022.04.06"]
[WhiteClock "0:00:04"]
[BlackClock "0:00:04"]

1. d4 Nf6 2. g3 d5 3. Nf3 Bf5 4. c4 e6 5. Nc3 c6 6. Nh4 Bg6 7. Qb3 Qb6 8. Nxg6 hxg6 9. c5 Qc7 10. Bf4 Qc8 11. Bg2 Nbd7 12. O-O Be7 13. Qc2 Bd8 14. b4 Bc7 15. Bxc7 Qxc7 16. a4 e5 17. e3 e4 18. b5 g5 19. a5 g6 20. a6 b6 21. cxb6 Nxb6 22. Na4 Nc4 23. bxc6 Qxc6 24. Rfc1 Rc8 25. Bf1 Kf8 26. Nc5 Kg7 27. Bxc4 dxc4 28. Qxc4 Ng4 29. d5 Qf6 30. Qd4 Qxd4 31. exd4 f5 32. h3 Nf6 33. d6 Rce8 34. Rab1 Rxh3 35. Rb7+ Kh6 36. Rf7 e3 37. Rxf6 exf2+ 38. Kxf2 Rh2+ 39. Kg1 Ree2 40. Nd3 Reg2+ 41. Kf1 Rd2 42. Kg1 Rhg2+ 43. Kf1 Rh2 44. Kg1 Rdg2+ 45. Kf1 Rxg3 46. d7 Rf3+ 47. Kg1 Rfh3 48. d8=Q Rh1+ 49. Kf2 R1h2+ 50. Ke1 Re3+ 51. Kd1 Rxd3+ 52. Ke1 Re3+ 53. Kf1 Rf3+ 54. Kg1 Rh4 55. Qh8# 1-0


[Site "https://www.chess.com"]

[Event "Titled Tuesday Blitz April 05 Late 2022"]
[White "Barbosa, Evandro Amorim"]
[Black "Sanal, Vahap"]
[WhiteFideId "2115824"]
[BlackFideId "6300545"]
[WhiteElo "2454"]
[BlackElo "2603"]
[Result "0-1"]
[Round "03"]
[TimeControl "180+1"]
[Date "2022.04.05"]
[WhiteClock "0:01:16"]
[BlackClock "0:01:38"]

1. e4 d6 2. d4 Nf6 3. Nc3 e5 4. Nf3 Nbd7 5. Bc4 Be7 6. O-O O-O 7. Re1 c6 8. a4 h6 9. h3 Re8 10. Be3 exd4 11. Bxd4 Nf8 12. Qd2 Be6 13. Bf1 Qc7 14. Rad1 Rad8 15. Qc1 Ng6 16. g3 Ne5 17. Qe3 b6 18. Nh4 Qc8 19. Kh2 Neg4+ 20. hxg4 Nxg4+ 21. Kg1 Nxe3 22. Bxe3 Bxh4 23. gxh4 Bg4 24. Rd3 Re6 25. Bf4 d5 26. Rg3 Rf6 27. Be5 Rg6 28. exd5 cxd5 29. Bd3 Bf5 30. Bf1 Rxg3+ 31. Bxg3 d4 32. Nd5 Rxd5 0-1


[Site "https://www.chess.com"]

[Event "Titled Tuesday Blitz April 05 Late 2022"]
[White "Bas Mas, Jose Joaquin"]
[Black "Roberson, Peter T"]
[WhiteFideId "22219064"]
[BlackFideId "412384"]
[WhiteElo "2212"]
[BlackElo "2346"]
[Result "0-1"]
[Round "03"]
[TimeControl "180+1"]
[Date "2022.04.06"]
[WhiteClock "0:00:10"]
[BlackClock "0:00:19"]

1. e4 e5 2. Nc3 Nf6 3. g3 d5 4. exd5 Nxd5 5. Bg2 Nxc3 6. bxc3 Nc6 7. Nf3 Qf6 8. O-O Bd6 9. d3 h6 10. Rb1 O-O 11. h3 b6 12. Nd2 Bd7 13. Ne4 Qg6 14. Nxd6 Qxd6 15. Qf3 Rae8 16. Re1 f5 17. Qd5+ Kh7 18. Qxd6 cxd6 19. Ba3 Rf6 20. f4 Rc8 21. Bxc6 Rxc6 22. c4 exf4 23. gxf4 d5 24. Re7 Be6 25. cxd5 Rg6+ 26. Kf2 Rxc2+ 27. Ke3 Bxd5 28. Kd4 Bxa2 29. Rbe1 Rh2 30. Rxa7 Rxh3 31. Bf8 Rgg3 32. Rxa2 Rxd3+ 33. Ke5 g5 34. Bd6 gxf4 35. Ra7+ Kg6 36. Rb7 Rhe3+ 37. Rxe3 fxe3 38. Bb4 e2 39. Rxb6+ Kg5 40. Re6 f4 41. Be7+ Kg4 42. Bb4 Re3+ 43. Kd5 Rxe6 44. Kxe6 h5 45. Be1 h4 46. Ke5 h3 47. Ke4 h2 0-1


[Site "https://www.chess.com"]

[Event "Titled Tuesday Blitz April 05 Late 2022"]
[White "Bashirli, Nail"]
[Black "Suarez Uriel, Adrian"]
[WhiteFideId "13406809"]
[BlackFideId "22230874"]
[WhiteElo "2333"]
[BlackElo "2316"]
[Result "1/2-1/2"]
[Round "03"]
[TimeControl "180+1"]
[Date "2022.04.06"]
[WhiteClock "0:00:20"]
[BlackClock "0:00:39"]

1. e4 c5 2. Nf3 Nc6 3. d4 cxd4 4. Nxd4 g6 5. Bc4 Bg7 6. c3 Nf6 7. Nxc6 bxc6 8. e5 Nd5 9. O-O O-O 10. Re1 Rb8 11. Nd2 Nb6 12. Bb3 d5 13. exd6 exd6 14. Ne4 d5 15. Bf4 Rb7 16. Nc5 Re7 17. Qd2 Bf5 18. a4 Rfe8 19. h3 h5 20. Bg5 Rxe1+ 21. Rxe1 Rxe1+ 22. Qxe1 Qxg5 23. a5 Nd7 24. Qe8+ Nf8 25. Qxc6 Bxh3 26. Bxd5 h4 27. Qb7 Bxg2 28. Qxf7+ Kh7 29. Bxg2 h3 30. Qf3 hxg2 31. Ne4 Qc1+ 32. Kxg2 Qxb2 33. Ng5+ Kg8 34. Qd5+ Kh8 35. Nf7+ Kh7 36. Ng5+ Kh6 37. Nf7+ Kh7 38. Ng5+ Kh8 39. Nf7+ Kh7 1/2-1/2


[Site "https://www.chess.com"]